 Dungeon Crawl Stone Soup version 0.26.0-11-g8f856b5395 (webtiles) character file.

Game seed: 7210355128857465954

18 Froggeryz the Sneak (level 2, -4/26 HPs)
             Began as a Ghoul Delver on Jan 15, 2021.
             Was an Initiate of Cheibriados.
             Slain by a hound (5 damage)
             ... on level 5 of the Dungeon.
             The game lasted 00:00:45 (130 turns).

Froggeryz the Sneak (Ghoul Delver)                   Turns: 130, Time: 00:00:45

Health: -4/26      AC:  3    Str: 16    XL:     2   Next: 66%
Magic:  1/1        EV: 11    Int:  6    God:    Cheibriados [......]
Gold:   0          SH:  0    Dex: 11    Spells: 1/1 levels left

rFire    . . .     SeeInvis .     - Unarmed
rCold    + . .     Faith    .   (no shield)
rNeg     + + +     Spirit   .   a - +0 leather armour
rPois    ∞         Reflect  .   (no helmet)
rElec    .         Harm     .   (no cloak)
rCorr    .         Rampage  .   (no gloves)
Will     .....                  (no boots)
Stlth    +++.......             (no amulet)
HPRegen  0.00/turn              (no ring)
MPRegen  0.07/turn              (no ring)

@: very slow
A: claws 1, cold resistance 1, negative energy resistance 3, inhibited
regeneration, torment resistance, unbreathing
a: Renounce Religion, Bend Time


You were on level 5 of the Dungeon.
You worshipped Cheibriados.
Cheibriados was noncommittal.
You visited 1 branch of the dungeon, and saw 1 of its levels.

Inventory:

Armour
 a - a +0 leather armour (worn)
Jewellery
 g - an uncursed amulet of the acrobat {unknown}
Wands
 f - a wand of digging (3)
Scrolls
 b - a scroll of fog
 c - a scroll of magic mapping
Potions
 e - a potion of haste


   Skills:
 - Level 3.2 Fighting
 - Level 1.7 Dodging
 - Level 5.4 Stealth
 + Level 3.5 Unarmed Combat


You had one spell level left.
You didn't know any spells.
Your spell library was empty.

Dungeon Overview and Level Annotations

Branches:
Dungeon (5/15)
 Temple: D:4-7

Altars:
Cheibriados
Elyvilon
Qazlal
Vehumet


Innate Abilities, Weirdness & Mutations

You thrive by killing the living.
You are immune to poison.
You have sharp fingernails.
Your flesh is cold resistant. (rC+)
You are immune to negative energy. (rN+++)
You do not regenerate when monsters are visible.
You are immune to unholy pain and torment.
You can survive without breathing.


Message History

* * * LOW HITPOINT WARNING * * *
You claw the worker ant!
The worker ant is severely wounded.
The worker ant bites you.
* * * LOW HITPOINT WARNING * * *
Okay, then.
Okay, then.
As you read the scroll of fear, it crumbles to dust.
You assume a fearsome visage.
The worker ant looks frightened!
A hound comes into view.
The hound barks!
The hound moves out of view.
You scratch the hound.
The hound is lightly wounded.
The hound bites you.
* * * LOW HITPOINT WARNING * * *
As you read the scroll labelled RAGESE MIOW, it crumbles to dust.
The creatures around you are filled with an inner flame!
It was a scroll of immolation.
The hound bites you.
You die...

......_....##.#
#............#
####h..#######
#E#...#E#
#######.h.###
## #.....$#)##
.. #.####B#.#
#.##.####.#.#
#.h@........#
####.####†###
#.####.#
#......#
########


You could see a hound (inner flame).

Vanquished Creatures
  An adder (D:5)
  An ufetubus (D:5)
  2 jackals (D:5)
4 creatures vanquished.

Notes
Turn   | Place    | Note
-------+----------+-------------------------------------------
     0 | D:5      | Froggeryz the Ghoul Delver began the quest for the Orb.
     0 | D:5      | Reached XP level 1. HP: 19/19 MP: 0/0
    29 | D:5      | Found a snail-covered altar of Cheibriados.
    29 | D:5      | Found a white marble altar of Elyvilon.
    30 | D:5      | Found a radiant altar of Vehumet.
    35 | D:5      | Became a worshipper of Cheibriados the Contemplative
    54 | D:5      | Reached XP level 2. HP: 20/26 MP: 1/1
    62 | D:5      | Noticed a sky beast
    89 | D:5      | Found a stormy altar of Qazlal.
    90 | D:5      | Noticed a water elemental
    91 | D:5      | Noticed a fire elemental
    91 | D:5      | Noticed an air elemental
    91 | D:5      | Noticed an earth elemental
   129 | D:5      | HP: 1/26 [hound (2)]
   130 | D:5      | Slain by a hound

Illustrated notes

Levels and vault maps discovered:
D:5:      layout_loops_cross, nicolae_qazlal_style_of_elements,
          dancing_weapons_uskayaw, gammafunk_temple_overflow_forgotten,
          minmay_fire_ice_demons

Skill      XL: |  1 |
---------------+----+-----
Unarmed Combat | 3 |  3.5
Fighting       | |  3.2
Dodging        | |  1.7
Stealth        | |  5.4

Action                   || total
-------------------------++-------
Melee: Unarmed           ||    27
  Use: Scroll            ||     2
 Stab: Sleeping          ||     1
Armor: Leather armour    ||     8
Dodge: Dodged            ||    12
